 Dungeon Crawl Stone Soup version 0.29-a0-1047-g7c58e119a4 (webtiles) character file.

Game seed: 2459652120705551716

177 Sobieck the Ruffian (level 5, -18/53 HPs)
             Began as a Troll Fighter on Aug 16, 2022.
             Demolished by an ogre
             ... wielding a +0 giant spiked club
              (47 damage)
             ... on level 4 of the Dungeon.
             The game lasted 00:04:44 (2477 turns).

Sobieck the Ruffian (Troll Fighter)                 Turns: 2477, Time: 00:04:45

Health: -18/53     AC:  5    Str: 26    XL:     5   Next: 31%
Magic:  4/4        EV:  9    Int: 10    God:
Gold:   125        SH:  9    Dex: 15    Spells: 4/4 levels left

rFire   . . .      SeeInvis .     - Unarmed
rCold   . . .      Faith    .   b - +1 kite shield
rNeg    . . .      Spirit   .   a - +0 robe
rPois   .          Reflect  .   u - +1 hat
rElec   .          Harm     .   (no cloak)
rCorr   .          Rampage  .   (gloves unavailable)
Will    .....                   (boots unavailable)
Stlth   +.........              (no amulet)
HPRegen 0.97/turn               v - +6 ring of dexterity
MPRegen 0.09/turn               y - +6 ring of intelligence

@: no status effects
A: large, unfitting armour, claws 3, regeneration 1, shaggy fur 1, tough skin 1
a: no special abilities


You were on level 4 of the Dungeon.
You visited 1 branch of the dungeon, and saw 4 of its levels.

You collected 215 gold pieces.
You spent 90 gold pieces at shops.


Innate Abilities, Weirdness & Mutations

You are too large for most types of armour.
You have claws for hands.
Your natural rate of healing is unusually fast.
You are covered in fur. (AC +1)
You have tough skin. (AC +1)


   Skills:
 + Level 3.4 Fighting
 - Level 2.4 Dodging
 - Level 3.0 Shields
 * Level 4.6 Unarmed Combat


You had 4 spell levels left.
You didn't know any spells.
Your spell library contained the following spells:

 Spells                   Type           Power      Damage    Failure   Level
 Apportation              Tloc           0%         N/A       65%         1
 Necrotise                Necr           0%         1d4       65%         1
 Shock                    Conj/Air       0%         1d3       65%         1
 Slow                     Hex            0%         N/A       65%         1
 Summon Small Mammal      Summ           0%         N/A       65%         1
 Confusing Touch          Hex            0%         N/A       95%         3
 Portal Projectile        Hex/Tloc       0%         N/A       95%         3
 Swiftness                Air            0%         N/A       95%         3
 Tukima's Dance           Hex            0%         N/A       95%         3
 Vampiric Draining        Necr           0%         2d6       95%         3
 Airstrike                Air            0%         2d(0-16)  100%        4
 Blade Hands              Tmut           0%         N/A       100%        5

Inventory:

Hand Weapons
 e - a +1 whip {mace}
   (You found it on level 1 of the Dungeon)
 g - a +0 short sword {short}
   (You found it on level 1 of the Dungeon)
 i - a +0 club {mace}
   (You took it off a goblin on level 1 of the Dungeon)
 j - a +0 whip {mace}
   (You took it off a kobold on level 1 of the Dungeon)
 l - a +0 whip {mace}
   (You took it off a kobold on level 1 of the Dungeon)
 m - a +0 short sword {short}
   (You took it off a kobold on level 1 of the Dungeon)
 p - a +0 short sword {short}
   (You found it on level 1 of the Dungeon)
 q - a +0 falchion {long}
   (You found it on level 1 of the Dungeon)
 r - a +0 club {mace}
   (You took it off a goblin on level 1 of the Dungeon)
 s - a +0 short sword {short}
   (You took it off a kobold on level 1 of the Dungeon)
Missiles
 k - 29 stones {throwing}
 x - 2 datura-tipped darts (quivered) {throwing}
Armour
 a - a +0 robe (worn)
 b - a +1 kite shield (worn)
 f - a +0 robe
   (You took it off Blork the orc on level 4 of the Dungeon)
 u - a +1 hat (worn)
   (You found it on level 2 of the Dungeon)
Jewellery
 v - a +6 ring of dexterity (left claw)
   (You found it on level 2 of the Dungeon)
 y - a +6 ring of intelligence (right claw)
   (You found it on level 3 of the Dungeon)
Scrolls
 n - 2 scrolls of blinking {!r}
 o - a scroll of enchant weapon
 t - a scroll of vulnerability {!r!r}
Potions
 c - a potion of might
 d - a potion of haste {unknown}
 w - 2 potions of flight
 z - a potion of resistance
 C - a potion of heal wounds {unknown}

Dungeon Overview and Level Annotations

Branches:
Dungeon (4/15) Zot: 21511
 Temple: D:4-7

Altars:

Shops:
D:1 ? D:3

! ###########
..........##
########...########
#.................
#.#####.<@.....###..
##.#O........
#.#.....####
#.##.(.....#
#.###.(.(..# #.#
#####(.# #.# ..# #.#
..# ...


You could see a neutral ogre (fast, strong, insane).


Message History

Magic quickly surges around you.
It was a scroll of vulnerability.
As you read the scroll labelled ORONE GENGI, it crumbles to dust.
You assume a fearsome visage.
Nothing appears to happen.
It was a scroll of fear.
As you read the scroll labelled TASKOISAWN, it crumbles to dust.
It is a scroll of identify.
w - 2 potions of flight
As you read the scroll of identify {@r1}, it crumbles to dust.
B - a potion of degeneration Unknown command.
Unknown command.
Unknown command.
You drop a potion of degeneration {!q@e2}.
Unknown command.
Blork the orc comes into view.
He is wielding a +2 mace of protection.
Blork the orc shouts!
Danger!
Unknown command.
Danger!
There is a stone staircase leading up here.
You see here a potion of degeneration {!q@e2}.
Unknown command.
You climb upwards.
There is a stone staircase leading down here.
Unknown command.
You start waiting.
You feel your willpower return.
Unknown command.
You climb downwards.
Level annotation: Blork the orc
There is a stone staircase leading up here.
You see here a potion of degeneration {!q@e2}.
Danger!
Unknown command.
You claw Blork the orc!
Blork the orc hits you with a +2 mace of protection.
You barely miss Blork the orc.
Blork the orc begins to cast a cantrip, but forgets the words!
You barely miss Blork the orc.
Blork the orc screams, "I'll make a cloak from your skin!"
Blork the orc hits you with a +2 mace of protection.
You scratch Blork the orc.
Blork the orc hits you with a +2 mace of protection!
You are too injured to fight recklessly!
Unknown command.
You completely miss Blork the orc.
Blork the orc hits you with a +2 mace of protection!
You claw Blork the orc!
Blork the orc mumbles some strange words.
Blork the orc seems to speed up.
You claw Blork the orc!
You kill Blork the orc!
You have reached level 5!
f - a +0 robe You see here a +2 mace of protection {mace}.
Unknown command.
Unknown command.
You start resting.
An ogre comes into view. It is wielding a +0 giant spiked club.
Danger!
Unknown command.
Throw: 6 darts (datura) {throwing}
Press: ? - help, Q - select action, (/) - cycle Shift-Dir - straight line, f - ogre
Aim: an ogre, wielding a +0 giant spiked club (wandering, hasn't noticed you, 74% to hit, chance to frenzy on hit: 27%)
You throw a datura-tipped dart {throwing}.
The datura-tipped dart {throwing} hits the ogre.
The ogre resists.
The ogre shouts!
Throw: 5 darts (datura) {throwing}
Press: ? - help, Q - select action, (/) - cycle Shift-Dir - straight line, f/p - ogre
Aim: an ogre, wielding a +0 giant spiked club (74% to hit, chance to frenzy on hit: 27%)
You throw a datura-tipped dart {throwing}.
The datura-tipped dart {throwing} barely misses the ogre.
Throw: 4 darts (datura) {throwing}
Press: ? - help, Q - select action, (/) - cycle Shift-Dir - straight line, f/p - ogre
Aim: an ogre, wielding a +0 giant spiked club (74% to hit, chance to frenzy on hit: 27%)
You throw a datura-tipped dart {throwing}.
The datura-tipped dart {throwing} hits the ogre.
The ogre flies into a frenzy!
Throw: 3 darts (datura) {throwing}
Press: ? - help, Q - select action, (/) - cycle Shift-Dir - straight line, f/p - ogre
Aim: an ogre, wielding a +0 giant spiked club (fast, strong, frenzied and insane, 74% to hit, immune)
You throw a datura-tipped dart {throwing}.
The datura-tipped dart {throwing} barely misses the ogre.
The ogre shouts!
Unknown command.
Unknown command.
You claw the ogre! You block the ogre's attack.
You barely miss the ogre. You block the ogre's attack.
You barely miss the ogre. You block the ogre's attack.
Unknown command.
You barely miss the ogre. The ogre barely misses you.
You scratch the ogre. You block the ogre's attack.
You scratch the ogre. You block the ogre's attack.
You barely miss the ogre.
The ogre hits you with a +0 giant spiked club!!
You scratch the ogre but do no damage.
The ogre hits you with a +0 giant spiked club!!!
Ouch! That really hurt!
You die...

Skill      XL: |  1  2  3  4 |
---------------+-------------+-----
Shields        | 3 |  3.0
Unarmed Combat | 3 4 |  4.6
Fighting       | 3 |  3.4
Dodging        | |  2.4

Action                   |  1- 3 |  4- 6 || total
-------------------------+-------+-------++-------
Melee: Unarmed           |   102 |    43 ||   145
Throw: Dart              |       |     4 ||     4
  Use: Scroll            |       |     7 ||     7
 Stab: Sleeping          |     4 |     1 ||     5
Armor: Robe              |    31 |    12 ||    43
Dodge: Dodged            |    33 |    10 ||    43
Block: Kite shield       |    50 |    13 ||    63

Levels and vault maps discovered:
D:1:      arrival_zaba_pyramid, layout_rooms, serial_shops,
          nicolae_shop_crystal, minmay_tromino_i4
D:2:      layout_loops_ring, serial_forest, infiniplex_forest_straight_2,
          infiniplex_forest_straight_2, infiniplex_forest_straight_3,
          infiniplex_forest_fountain, infiniplex_forest_end_2,
          infiniplex_forest_lined_4_way, infiniplex_forest_clump_small
D:3:      layout_basic, serial_shops, nicolae_shop_statue_plus,
          hellmonk_ecumenical_altar_zigzags, minmay_goblin_kobold_house
D:4:      minmay_wonky_spiral, layout_loops_ring, gammafunk_ghost_nasty_kobolds,
          nicolae_shop_gadgets, uniq_eustachio, uniq_blork_the_orc, uniq_pargi

Notes
Turn   | Place    | Note
-------+----------+-------------------------------------------
     0 | D:1      | Sobieck the Troll Fighter began the quest for the Orb.
     0 | D:1      | Reached XP level 1. HP: 22/22 MP: 0/0
   115 | D:1      | Reached XP level 2. HP: 29/29 MP: 1/1
   508 | D:1      | Found Reeniy's Magic Scroll Shoppe.
   520 | D:1      | Bought a scroll of blinking for 90 gold pieces
   521 | D:1      | You pick up a book of Air and begin reading...
   521 | D:1      | You add the spells Shock, Swiftness and Airstrike to your
                  | library.
   629 | D:2      | Reached skill level 3 in Shields
   760 | D:2      | Reached XP level 3. HP: 36/36 MP: 2/2
   793 | D:2      | Reached skill level 3 in Unarmed Combat
  1523 | D:3      | Found a faded altar of an unknown god.
  1585 | D:3      | Reached skill level 3 in Fighting
  1585 | D:3      | Reached XP level 4. HP: 44/45 MP: 3/3
  1604 | D:3      | Found Ronnarph's Distillery.
  1606 | D:3      | You pick up a book of Debilitation and begin reading...
  1606 | D:3      | You add the spells Slow, Vampiric Draining and Confusing
                  | Touch to your library.
  1975 | D:3      | You pick up a book of Cantrips and begin reading...
  1975 | D:3      | You add the spells Necrotise, Summon Small Mammal and
                  | Apportation to your library.
  1977 | D:3      | You pick up a book of Weapons and begin reading...
  1977 | D:3      | You add the spells Tukima's Dance, Portal Projectile and
                  | Blade Hands to your library.
  2123 | D:3      | Reached skill level 4 in Unarmed Combat
  2413 | D:4      | Noticed Blork the orc
  2444 | D:4      | Killed Blork the orc
  2445 | D:4      | Reached XP level 5. HP: 32/53 MP: 4/4
  2465 | D:4      | Noticed an ogre
  2477 | D:4      | Demolished by an ogre

Vanquished Creatures
  Blork the orc (D:4)
  An iguana (D:3)
  2 adders
  4 worms
  2 ball pythons
  7 endoplasms
  A giant cockroach (D:2)
  6 hobgoblins
  3 jackals (D:1)
  4 kobolds (D:1)
  2 quokkas
  7 bats
  2 frilled lizards
  6 goblins
  5 rats
53 creatures vanquished.

Table legend:
 A = Non-vault XP
 B = Vault XP
 C = Vault XP percentage of total XP
 D = Non-vault monster count
 E = Vault monster count
 F = Vault count percentage of total count
                 A         B        C        D         E       F
            +---------+---------+-------+---------+---------+-------
      Total |     140 |     114 |  44.9 |      44 |       9 |  17.0
            +---------+---------+-------+---------+---------+-------
        D:1 |      27 |       4 |  12.9 |      16 |       3 |  15.8
        D:2 |      38 |       0 |   0.0 |      13 |       0 |   0.0
        D:3 |      75 |      10 |  11.8 |      15 |       5 |  25.0
        D:4 |       0 |     100 | 100.0 |       0 |       1 | 100.0
            +---------+---------+-------+---------+---------+-------

Illustrated notes

Table legend:
 A = Kills in this place as a percentage of kills in entire the game.
 B = Kills by you in this place as a percentage of kills by you in the entire game.
 C = Kills by friends in this place as a percentage of kills by friends in the entire game.
 D = Other kills in this place as a percentage of other kills in the entire game.
 E = Experience gained in this place as a percentage of experience gained in the entire game.
 F = Experience gained in this place divided by the number of levels of this place that you have seen.
                   A       B       C       D       E      F
               +-------+-------+-------+-------+-------+----------------------
         Total | 100.0 | 100.0 |   N/A |   N/A | 100.0 |  63.5
       Dungeon | 100.0 | 100.0 |   N/A |   N/A | 100.0 |  63.5
               +-------+-------+-------+-------+-------+----------------------

Table legend: (Time is in decaauts)
 A = Elapsed time spent in this place.
 B = Non-inter-level travel time spent in this place.
 C = Inter-level travel time spent in this place.
 D = Time resting spent in this place.
 E = Time spent auto-exploring this place.
 F = Levels seen in this place.
 G = Mean time per level.
                   A        B        C        D        E       F      G
               +--------+--------+--------+--------+--------+-----+--------+
         Total |   2487 |   2332 |    155 |     29 |   1921 |   4 |  621.8 |
       Dungeon |   2487 |   2332 |    155 |     29 |   1921 |   4 |  621.8 |
               +--------+--------+--------+--------+--------+-----+--------+

Top non-repeatable levels by time:
     D:3: 1003 daAuts
     D:2: 815 daAuts
     D:1: 592 daAuts
     D:4: 76 daAuts
